 Dungeon Crawl Stone Soup version 0.29.1-12-g30fa7ad0bf (webtiles) character file.

Game seed: 7468558872196541175

37 bnorton916 the Firebug (level 3, 0/19 HPs)
             Began as a Deep Elf Fire Elementalist on Jan 4, 2023.
             Slain by an adder (2 damage)
             ... on level 2 of the Dungeon.
             The game lasted 00:01:16 (1850 turns).

bnorton916 the Firebug (Deep Elf Fire Elementalist) Turns: 1850, Time: 00:01:16

Health: 0/19       AC:  2    Str:  5    XL:     3   Next: 23%
Magic:  7/10       EV: 12    Int: 27    God:
Gold:   129        SH:  0    Dex: 15    Spells: 8/9 levels left

rFire   . . .      SeeInvis .   (no weapon)
rCold   . . .      Faith    .   (no shield)
rNeg    . . .      Spirit   .   a - +0 robe
rPois   .          Reflect  .   (no helmet)
rElec   .          Harm     .   (no cloak)
rCorr   .          Rampage  .   (no gloves)
Will    .....                   (no boots)
Stlth   ++........              (no amulet)
HPRegen 0.06/turn               j - +6 ring of intelligence
MPRegen 0.12/turn               (no ring)

@: lethally poisoned (0 -> -5)
A: no striking features
a: no special abilities


You were on level 2 of the Dungeon.
You visited 1 branch of the dungeon, and saw 2 of its levels.

You collected 129 gold pieces.

Inventory:

Missiles
 q - 6 atropa-tipped darts
Armour
 a - a +0 robe (worn)
Jewellery
 i - a +4 ring of protection
 j - a +6 ring of intelligence (left hand)
Scrolls
 c - a scroll of noise {unknown}
 d - a scroll of immolation {unknown}
 e - a scroll of enchant armour {unknown}
 f - a scroll of blinking {unknown}
 g - 2 scrolls of fog {unknown}
 k - 2 scrolls of identify {unknown}
 o - a scroll of fear {unknown}
 p - a scroll of poison {unknown}
 s - a scroll of silence {unknown}
Potions
 b - a potion of magic
 h - 2 potions of curing {unknown}
 l - a potion of ambrosia {unknown}
 m - a potion of heal wounds {unknown}
 n - a potion of brilliance {unknown}
 r - 2 potions of attraction {unknown}


   Skills:
 - Level 2.4 Dodging
 - Level 2.4 Stealth
 + Level 3.8 Spellcasting
 + Level 2.1 Conjurations
 + Level 3.9 Fire Magic


You had 8 spell levels left.
You knew the following spells:

 Your Spells              Type           Power      Damage    Failure   Level
a - Foxfire               Conj/Fire      84%        2x1d8     2%          1

Your spell library contained the following spells:

 Spells                   Type           Power      Damage    Failure   Level
 Scorch                   Fire           52%        2d8       2%          2
 Conjure Flame            Conj/Fire      21%        6-21      7%          3
 Inner Flame              Hex/Fire       15%        N/A       11%         3
 Flame Wave               Conj/Fire      21%        2d8       24%         4


Dungeon Overview and Level Annotations

Branches:
Dungeon (2/15)

Altars:

Shops:
D:2 *


Message History

Casting: Foxfire (safe; 2% risk of failure)
Confirm with . or Enter, or press ? or * to list all spells.
You conjure some foxfire!
Your foxfire dissipates!
Your foxfire dissipates!
Your foxfire dissipates!
An adder comes into view.
An adder is nearby!
An adder is nearby!
Casting: Foxfire (safe; 2% risk of failure)
Confirm with . or Enter, or press ? or * to list all spells.
You conjure some foxfire!
The foxfire hits the adder but does no damage.
Casting: Foxfire (safe; 2% risk of failure)
Confirm with . or Enter, or press ? or * to list all spells.
You conjure some foxfire!
The adder bites you but does no damage.
The foxfire hits the adder.
The adder is heavily wounded.
The adder bites you.
You are poisoned.
The adder poisons you!
Casting: Foxfire (safe; 2% risk of failure)
Confirm with . or Enter, or press ? or * to list all spells.
You don't know that spell.
Your foxfire dissipates!
You feel sick.
The foxfire hits the adder.
The adder is severely wounded.
The adder bites you.
You are more poisoned.
The adder poisons you!
You feel sick. The adder attacks as you move away! The adder bites you.
* * * LOW HITPOINT WARNING * * *
You feel sick.
Casting: Foxfire (safe; 2% risk of failure)
Confirm with . or Enter, or press ? or * to list all spells.
You conjure some foxfire!
* * * LOW HITPOINT WARNING * * *
You feel sick. The adder bites you.
You die...

#### #... ..#
..###.# ..# #.....#
..# #.### ###..#
#...# #....# ###S###
###....# ####@v.#
#...#..####
#...v..###.........#
#.####.....#.#####.#
# ##.####.####
.........).#
..##.####.##.# # #.
#.# #.##.##.# .. ..#
#.......# . ###
####.####


You could see an adder (ally target).

Vanquished Creatures
  An adder (D:2)
  2 bats (D:1)
  3 endoplasms (D:1)
  2 goblins (D:1)
  2 hobgoblins (D:1)
  2 jackals (D:1)
  4 ball pythons
  3 frilled lizards (D:1)
  4 kobolds
  4 rats (D:1)
27 creatures vanquished.

Vanquished Creatures (others)
  149 foxfires
149 creatures vanquished.

Grand Total: 176 creatures vanquished

Notes
Turn   | Place    | Note
-------+----------+-------------------------------------------
     0 | D:1      | bnorton916 the Deep Elf Fire Elementalist began the quest
                  | for the Orb.
     0 | D:1      | Reached XP level 1. HP: 10/10 MP: 6/6
   635 | D:1      | Reached XP level 2. HP: 15/15 MP: 5/8
  1163 | D:1      | Found a faded altar of an unknown god.
  1596 | D:2      | Found Liqebe's Assorted Antiques.
  1695 | D:2      | Reached XP level 3. HP: 19/19 MP: 6/10
  1850 | D:2      | Slain by an adder

Illustrated notes

Levels and vault maps discovered:
D:1:      dpeg_arrival_triangle_fractal, layout_basic,
          hellmonk_ecumenical_altar_heavens_door, grunt_decor_one_mirror,
          grunt_decor_mini_mirrors
D:2:      layout_loops_cross, serial_shops, nicolae_shop_stone, shop,
          shop_fountains, shop, minmay_quantized

Skill      XL: |  1  2 |
---------------+-------+-----
Conjurations   | 2 |  2.1
Dodging        | |  2.4
Stealth        | |  2.4
Spellcasting   | |  3.8
Fire Magic     | |  3.9

Action                   || total
-------------------------++-------
 Cast: Foxfire           ||    91
Armor: Robe              ||     5
Dodge: Dodged            ||     5
